 Dungeon Crawl Stone Soup version 0.31-a0-348-g810772c3d7 (webtiles) character file.

Game seed: 3337730433093186525

711 Hajna the Chopper (level 7, -5/58 HPs)
             Began as a Hill Orc Gladiator on July 23, 2023.
             Was a Follower of Beogh.
             Slain by an ogre
             ... wielding a +0 giant club
              (27 damage)
             ... on level 5 of the Dungeon.
             The game lasted 00:11:55 (3947 turns).

Hajna the Chopper (Hill Orc Gladiator)              Turns: 3947, Time: 00:11:56

Health: -5/58      AC:  4    Str: 19    XL:     7   Next: 68%
Magic:  7/7        EV: 11    Int:  8    God:    Beogh [*.....]
Gold:   69         SH:  7    Dex: 12    Spells: 6/6 levels left

rFire   . . .        m - +1 broad axe (vamp)
rCold   . . .        o - +0 kite shield
rNeg    . . .        b - +0 leather armour
rPois   .            c - +0 helmet
rElec   .            (no cloak)
rCorr   .            (no gloves)
SInv    .            (no boots)
Will    .....        l - amulet of the acrobat
Stlth   +            (no ring)
HPRegen 0.29/turn    (no ring)
MPRegen 0.10/turn

%: acrobat
@: no status effects
A: no striking features
a: Renounce Religion


You were on level 5 of the Dungeon.
You worshipped Beogh.
Beogh was aware of your devotion.
You visited 1 branch of the dungeon, and saw 5 of its levels.

You collected 230 gold pieces.
You spent 161 gold pieces at shops.

Inventory:

Hand Weapons
 a - a +0 war axe of flaming
 m - a +1 vampiric broad axe (weapon)
Missiles
 d - 3 throwing nets
 e - a javelin (quivered)
 g - 4 poisoned darts
Armour
 b - a +0 leather armour (worn)
 c - a +0 helmet (worn)
 o - a +0 kite shield (worn)
Jewellery
 l - an amulet of the acrobat (around neck)
Talismans
 p - a granite talisman
Scrolls
 n - a scroll of silence
 q - a scroll of brand weapon
 t - 2 scrolls of poison
Potions
 f - a potion of brilliance
 h - a potion of curing
 i - a potion of attraction {unknown}
 r - a potion of resistance {unknown}


   Skills:
 + Level 3.9 Fighting
 + Level 7.7 Axes
 + Level 2.2 Throwing
 + Level 2.1 Armour
 + Level 3.4 Dodging
 + Level 1.5 Stealth
 + Level 1.5 Shields
 * Level 2.7 Necromancy
 + Level 0.2 Evocations


You had 6 spell levels left.
You didn't know any spells.
Your spell library contained the following spells:

 Spells                   Type           Power      Damage    Failure   Level
 Animate Dead             Necr           4%         N/A       99%         4
 Haunt                    Necr/Summ      1%         N/A       100%        7
 Infestation              Necr           2%         N/A       100%        8


Dungeon Overview and Level Annotations

Branches:
Dungeon (5/15)
 Temple: D:4-7

Altars:
Ashenzari
Okawaru
The Shining One

Shops:
D:4 [(


Message History

The howler monkey hoots and howls with incredible vigour!
You block the howler monkey's attack.
You slash the howler monkey!
The howler monkey is heavily wounded.
The howler monkey hits you but does no damage.
You hit the howler monkey.
The howler monkey is severely wounded.
The howler monkey misses you.
An ogre comes into view. It is wielding a +0 giant club.
The howler monkey hits you but does no damage.
You hit the howler monkey.
The howler monkey is almost dead.
The howler monkey hits you.
The howler monkey hoots and howls with incredible vigour!
You hit the howler monkey.
You feel better.
The howler monkey is almost dead.
The howler monkey hits you.
You hit the howler monkey but do no damage.
The howler monkey is almost dead.
You block the howler monkey's attack. The howler monkey barely misses you.
You barely miss the howler monkey.
The howler monkey is almost dead.
The howler monkey closely misses you.
You barely miss the howler monkey.
The howler monkey is almost dead.
The howler monkey hoots and howls with incredible vigour!
You block the howler monkey's attack.
You slash the howler monkey!
You kill the howler monkey!
Beogh accepts your kill.
The ogre hits you with a +0 giant club!!
You slash the ogre!
The ogre is heavily wounded.
The ogre hits you with a +0 giant club!
You are too injured to fight recklessly!
You are too injured to fight recklessly!
You hit the ogre.
You feel better.
The ogre is heavily wounded.
The ogre hits you with a +0 giant club!!
You die...

.# #.. ... #.# .# ...
#.# .# ### #. .##.# #.#
.#.... #..
.....##.##.#?.# #.#
............... # #..###
#...O....### ##.
#...#### #@.....#
##...###....#####.###...
(..#..)...).......#
##...###....#####......#
.##.##.?.#### #####.##
..# #..### #.###.##
..#..# #.#.##


You could see an ogre.

Vanquished Creatures
  An orc warrior (D:4)
  A scorpion (D:5)
  A howler monkey (D:5)
  3 hounds
  2 jellies
  2 orc priests
  The ghost of Beaer the Sneak, a weakling FeEn of Gozag (D:4)
  2 iguanas
  3 orc wizards
  3 gnolls (D:5)
  2 adders
  An ufetubus (D:4)
  2 worms
  A dart slug (D:4)
  9 orcs
  5 ball pythons
  4 bats
  5 endoplasms
  4 giant cockroaches
  7 goblins
  8 hobgoblins
  7 jackals
  7 kobolds
  10 quokkas
  A frilled lizard (D:1)
  7 rats
99 creatures vanquished.

Notes
Turn   | Place    | Note
-------+----------+-------------------------------------------
     0 | D:1      | Hajna the Hill Orc Gladiator began the quest for the Orb.
     0 | D:1      | Reached XP level 1. HP: 18/18 MP: 1/1
    75 | D:1      | Reached XP level 2. HP: 20/25 MP: 2/2
   282 | D:1      | Reached XP level 3. HP: 30/30 MP: 3/3
   420 | D:1      | Reached skill level 5 in Axes
  1593 | D:3      | Became a worshipper of Beogh the Brigand
  1793 | D:3      | Reached XP level 4. HP: 37/37 MP: 4/4
  1873 | D:3      | Found a glowing golden altar of the Shining One.
  2034 | D:3      | Reached skill level 1 in Armour
  2052 | D:3      | Reached skill level 1 in Necromancy
  2054 | D:3      | Reached XP level 5. HP: 30/44 MP: 5/5
  2276 | D:3      | Found a broken altar of Ashenzari.
  2547 | D:4      | Found Muboduski's Antique Weapon Boutique.
  2579 | D:4      | Bought a runed broad axe for 161 gold pieces
  2596 | D:4      | Reached * piety under Beogh
  2608 | D:4      | Reached skill level 6 in Axes
  2656 | D:4      | Paralysed by an orc for 2 turns
  2669 | D:4      | Reached skill level 1 in Stealth
  2669 | D:4      | Reached XP level 6. HP: 20/51 MP: 6/6
  3098 | D:4      | Found a runed translucent gate.
  3100 | D:4      | Found a runed translucent gate.
  3100 | D:4      | Found a runed translucent gate.
  3101 | D:4      | Noticed Beaer's ghost (weakling FeEn)
  3101 | D:4      | Noticed an orc warrior
  3122 | D:4      | Killed Beaer's ghost
  3123 | D:4      | Reached skill level 1 in Shields
  3124 | D:4      | HP: 1/51 [iguana (2)]
  3162 | D:4      | Killed an orc warrior
  3163 | D:4      | Reached skill level 7 in Axes
  3163 | D:4      | Reached XP level 7. HP: 37/57 MP: 7/7
  3317 | D:4      | Found Yluom's Armour Boutique.
  3343 | D:4      | Found an iron altar of Okawaru.
  3373 | D:5      | Entered Level 5 of the Dungeon
  3947 | D:5      | Slain by an ogre

Illustrated notes

Levels and vault maps discovered:
D:1:      grunt_arrival_crossed_arrows, layout_rooms,
          kennysheep_decorative_pillar
D:2:      layout_loops_corners
D:3:      layout_basic, ashenzari_altar_1, mainiacjoe_overflow_brackets
D:4:      layout_cave_pools, mainiacjoe_overflow_alcove_4,
          gammafunk_ghost_split, serial_shops, shop, nicolae_stop_n_shop_2,
          minmay_misc_feat_room, minmay_tree_intersection
D:5:      minmay_general_purpose_star, layout_basic

Skill      XL: |  1  2  3  4  5  6  7 |
---------------+----------------------+-----
Throwing       | 2 |  2.2
Axes           | 5 6 7 |  7.7
Armour         | 1 2 |  2.1
Necromancy     | 1 2 |  2.7
Dodging        | 3 |  3.4
Fighting       | 3 |  3.9
Stealth        | 1 |  1.5
Shields        | 1 |  1.5
Evocations     | |  0.2

Action                     |  1- 3 |  4- 6 |  7- 9 || total
---------------------------+-------+-------+-------++-------
  Melee: War axe           |   120 |    40 |       ||   160
         Broad axe         |       |    64 |    56 ||   120
  Throw: Dart              |       |     4 |       ||     4
         Javelin           |       |     1 |       ||     1
 Invoke: Convert to Beogh  |     1 |       |       ||     1
  Evoke: Wand              |       |     2 |     5 ||     7
    Use: Scroll            |       |     9 |     2 ||    11
         Potion            |       |     7 |     4 ||    11
   Stab: Sleeping          |     1 |       |       ||     1
         Paralysed         |       |     1 |       ||     1
 Armour: Leather armour    |    42 |    23 |     6 ||    71
  Dodge: Dodged            |    71 |    63 |    32 ||   166
  Block: Kite shield       |    15 |    46 |    22 ||    83

Table legend: (Time is in decaauts)
 A = Elapsed time spent in this place.
 B = Non-inter-level travel time spent in this place.
 C = Inter-level travel time spent in this place.
 D = Time resting spent in this place.
 E = Time spent auto-exploring this place.
 F = Levels seen in this place.
 G = Mean time per level.
                   A        B        C        D        E       F      G
               +--------+--------+--------+--------+--------+-----+--------+
         Total |   4011 |   3904 |    107 |      0 |   3153 |   5 |  802.2 |
       Dungeon |   4011 |   3904 |    107 |      0 |   3153 |   5 |  802.2 |
               +--------+--------+--------+--------+--------+-----+--------+

Top non-repeatable levels by time:
     D:3: 1079 daAuts
     D:4: 840 daAuts
     D:2: 785 daAuts
     D:1: 734 daAuts
     D:5: 571 daAuts
